 Dungeon Crawl Stone Soup version 0.28.0-45-g0d030f2227 (webtiles) character file.

Game seed: 8027804814949114903

2178 Peloso the Carver (level 9, -3/75 HPs)
             Began as a Minotaur Fighter on Apr 5, 2022.
             Was a Follower of Okawaru.
             Slain by Harold
             ... wielding a +0 long sword
              (12 damage)
             ... on level 7 of the Dungeon.
             The game lasted 00:14:39 (7918 turns).

Peloso the Carver (Minotaur Fighter)                Turns: 7918, Time: 00:14:40

Health: -3/75      AC: 13    Str: 22    XL:     9   Next: 11%
Magic:  7/8        EV:  4    Int:  5    God:    Okawaru [*.....]
Gold:   287        SH: 15    Dex: 13    Spells: 8/8 levels left

rFire   . . .      SeeInvis .   a - +0 long sword
rCold   . . .      Faith    .   d - +0 tower shield
rNeg    . . .      Spirit   .   m - +0 plate armour
rPois   .          Reflect  .   (helmet restricted)
rElec   .          Harm     .   (no cloak)
rCorr   .          Rampage  .   (no gloves)
Will    .....                   (no boots)
Stlth   ..........              (no amulet)
HPRegen 0.22/turn               (no ring)
MPRegen 0.11/turn               (no ring)

@: mighty, marked
A: horns 2, retaliatory headbutt
a: Renounce Religion, Heroism


You were on level 7 of the Dungeon.
You worshipped Okawaru.
Okawaru was aware of your devotion.
You visited 2 branches of the dungeon, and saw 8 of its levels.
You also visited: Sewer and Ossuary.

You collected 287 gold pieces.

Inventory:

Hand Weapons
 a - a +0 long sword (weapon)
 b - a +0 short sword of flaming
Missiles
 j - a throwing net (quivered)
Armour
 c - a +0 buckler
 d - a +0 tower shield (worn)
 m - a +0 plate armour (worn)
Jewellery
 n - a +6 ring of dexterity
 q - a ring of positive energy
 x - an amulet of reflection
Scrolls
 f - a scroll of brand weapon {unknown}
 g - 3 scrolls of fog
 l - 3 scrolls of magic mapping
 o - 4 scrolls of noise
 s - a scroll of teleportation
 t - a scroll of enchant weapon {unknown}
 w - 2 scrolls of acquirement {unknown}
 y - a scroll of fear {unknown}
Potions
 h - a potion of ambrosia
 i - a potion of heal wounds
 k - 2 potions of resistance {unknown}
 p - 3 potions of mutation
 r - 2 potions of invisibility {unknown}
 u - a potion of experience {unknown}
 v - 3 potions of curing
 z - a potion of flight
 A - a potion of berserk rage


   Skills:
 + Level 5.9 Fighting
 + Level 9.3 Long Blades
 + Level 8.0 Armour
 + Level 1.1 Dodging
 + Level 0.1 Stealth
 + Level 8.1 Shields


You had 8 spell levels left.
You didn't know any spells.
Your spell library contained the following spells:

 Spells                   Type           Power      Damage    Failure   Level
 Sting                    Tmut/Pois      0%         1d3       100%        1
 Scorch                   Fire           0%         2d5       100%        2
 Flame Wave               Conj/Fire      0%         2d4       100%        4
 Olgreb's Toxic Radiance  Pois           0%         N/A       100%        4
 Summon Cactus Giant      Summ           Unusable   N/A       N/A         6

Dungeon Overview and Level Annotations

Branches:
Dungeon (7/15)             Temple (1/1) D:6           Sewer (visited)
Ossuary (visited)

Altars:
Elyvilon
Fedhas
Kikubaaqudgha
Makhleb
Okawaru
Qazlal
Sif Muna
Trog
Uskayaw
Vehumet
Xom
Yredelemnul
Zin
The Shining One

Annotations:
D:7 Harold


Innate Abilities, Weirdness & Mutations

You have a pair of horns on your head.
You reflexively headbutt those who attack you in melee.


Message History

* * * LOW HITPOINT WARNING * * *
You feel much better. You block the goblin's attack.
The goblin hits you from afar with a +0 spear.
Harold hits you with a +0 long sword.
* * * LOW HITPOINT WARNING * * *
Unknown command.
You slash Harold! You headbutt Harold!
Harold is heavily wounded.
You block the goblin's attack. The goblin hits you but does no damage.
Harold hits you but does no damage.
Unknown command.
You hit Harold.
Harold is heavily wounded.
The goblin completely misses you. The goblin hits you but does no damage.
Unknown command.
You hit Harold. Your headbutt misses Harold.
Harold is heavily wounded.
You feel like a meek peon again. You block Harold's attack.
The goblin hits you but does no damage. You block the goblin's attack.
You barely miss Harold. Your headbutt misses Harold.
Harold is heavily wounded.
Harold says, "Ah, this is what I got into this business for!"
Harold hits you with a +0 long sword!
* * * LOW HITPOINT WARNING * * *
The goblin hits you from afar with a +0 spear.
* * * LOW HITPOINT WARNING * * *
The goblin hits you but does no damage. You block Harold's attack.
You hit Harold.
Harold is severely wounded.
The goblin hits you but does no damage. x2
Harold hits you with a +0 long sword.
* * * LOW HITPOINT WARNING * * *
Unknown command.
You closely miss Harold. You headbutt Harold!
Harold is severely wounded.
A bullfrog comes into view.
The goblin hits you but does no damage. You block the goblin's attack.
Harold hits you with a +0 long sword!
You die...

.... #. .# #.#.##. ##.##
#......#### #...#
#.........# #...#
#....#..#†# #..<#
#.......#†# #...# ####
#....#..#@######...###...#
#..#...g@F#...............
.......g).................
##.....####...............
###.## ######.(.###...#
#.. #...# .## #. #...# .#
# #...# .## #...####...


You could see Harold, a bullfrog and 2 goblins.

Vanquished Creatures
  2 sky beasts (D:5)
  A black bear (D:5)
  A necrophage (D:6)
  3 ogres
  A centaur (D:6)
  2 kobold brigands (Sewer)
  2 elf zombies (Ossuary)
  2 phantoms (D:5)
  Blork the orc (D:6)
  A scorpion (D:5)
  A water moccasin skeleton (D:6)
  A wyvern skeleton (D:5)
  5 howler monkeys (D:7)
  2 centaur zombies (Ossuary)
  A jelly (D:7)
  A bullfrog skeleton (D:6)
  A human zombie (Ossuary)
  3 orc priests
  3 orc wizards
  3 hound zombies (Ossuary)
  3 mummies (Ossuary)
  A gnoll (D:1)
  8 adders
  A shadow imp (D:7)
  A white imp (D:6)
  4 adder zombies (Ossuary)
  2 worms (D:2)
  2 dart slugs
  14 orcs
  2 bats
  5 endoplasms
  7 giant cockroaches
  8 goblins
  4 hobgoblins
  9 jackals (D:1)
  8 quokkas
  6 ball pythons
  4 frilled lizards
  4 goblin zombies (Ossuary)
  4 hobgoblin zombies (Ossuary)
  A jackal zombie (Ossuary)
  13 kobolds
  8 kobold zombies (Ossuary)
  2 orc zombies (Ossuary)
  3 quokka zombies (Ossuary)
  8 rats
  A rat zombie (Ossuary)
170 creatures vanquished.

Vanquished Creatures (others)
  13 plants
13 creatures vanquished.

Grand Total: 183 creatures vanquished

Notes
Turn   | Place    | Note
-------+----------+-------------------------------------------
     0 | D:1      | Peloso the Minotaur Fighter began the quest for the Orb.
     0 | D:1      | Reached XP level 1. HP: 19/19 MP: 0/0
    46 | D:1      | Found a faded altar of an unknown god.
   195 | D:1      | Reached XP level 2. HP: 16/27 MP: 1/1
   531 | D:1      | Reached XP level 3. HP: 22/33 MP: 2/2
   545 | D:1      | Reached skill level 3 in Long Blades
  1453 | D:2      | Reached XP level 4. HP: 33/40 MP: 3/3
  2269 | D:3      | Reached skill level 5 in Armour
  2610 | D:2      | Reached XP level 5. HP: 45/46 MP: 4/4
  3121 | D:4      | Reached skill level 4 in Long Blades
  3343 | D:4      | Found a glowing drain.
  3354 | Sewer    | Entered a sewer
  4017 | Sewer    | HP: 2/46 [kobold brigand/+0 whip (5)]
  4023 | Sewer    | Reached skill level 5 in Shields
  4023 | Sewer    | Reached XP level 6. HP: 15/53 MP: 5/5
  4332 | Sewer    | Reached skill level 1 in Dodging
  4669 | D:3      | Reached skill level 5 in Long Blades
  5005 | D:5      | Entered Level 5 of the Dungeon
  5109 | D:5      | Noticed a sky beast
  5119 | D:5      | Killed a sky beast
  5120 | D:5      | Reached XP level 7. HP: 53/60 MP: 6/6
  5455 | D:5      | Reached skill level 5 in Fighting
  5687 | D:5      | Reached skill level 6 in Long Blades
  6221 | D:5      | Reached XP level 8. HP: 64/68 MP: 7/7
  6430 | D:6      | Found a sand-covered staircase.
  6450 | Ossuary  | Entered an ossuary
  6569 | Ossuary  | Reached skill level 7 in Long Blades
  7039 | D:6      | Reached skill level 8 in Long Blades
  7103 | D:6      | Found a staircase to the Ecumenical Temple.
  7117 | D:6      | Got the Incunabulum of Altruism
  7139 | Temple   | Entered the Ecumenical Temple
  7260 | Temple   | Became a worshipper of Warmaster Okawaru
  7370 | D:6      | Noticed Blork the orc
  7377 | D:6      | Killed Blork the orc
  7505 | D:6      | Found a burning altar of Makhleb.
  7859 | D:7      | Reached skill level 9 in Long Blades
  7870 | D:7      | Reached XP level 9. HP: 48/75 MP: 8/8
  7871 | D:7      | Reached * piety under Okawaru
  7897 | D:7      | Noticed Harold
  7918 | D:7      | Slain by Harold

Illustrated notes

Levels and vault maps discovered:
D:1:      noname_arrival_rooms_in_the_neighbourhood, layout_loops_ring,
          ebering_ecumenical_altar_webs, minmay_small_reverse_x
D:2:      layout_loops_cross, minmay_quantized
D:3:      layout_basic
D:4:      layout_rooms, portal_sewer_entry_f, nzn_random_ring
D:5:      layout_basic, grunt_decor_resistance
D:6:      layout_loops_ring, mainiacjoe_overflow_alcove_4,
          minmay_temple_entry_overgrown, nicolae_ossuary_entry_false_entrances,
          uniq_blork_the_orc
D:7:      layout_loops_cross, enter_bailey_3, serial_bayou_lagoon_a, uniq_harold
Temple:   mainiacjoe_temple_archimedes_tessellation

Skill      XL: |  1  2  3  4  5  6  7  8  9 |
---------------+----------------------------+-----
Armour         | 4 5 6 7 8 |  8.0
Shields        | 4 5 6 7 8 |  8.1
Fighting       | 4 5 |  5.9
Long Blades    | 3 4 5 6 9 |  9.3
Dodging        | 1 |  1.1
Stealth        | |  0.1

Action                   |  1- 3 |  4- 6 |  7- 9 || total
-------------------------+-------+-------+-------++-------
Melee: Long sword        |    98 |   222 |   284 ||   604
       Headbutt          |    16 |    26 |    72 ||   114
Invok: Heroism           |       |       |     2 ||     2
  Use: Scroll            |       |     3 |     6 ||     9
       Potion            |       |     7 |     2 ||     9
Armor: Scale mail        |    61 |       |       ||    61
       Plate armour      |     1 |   180 |   214 ||   395
Dodge: Dodged            |    32 |    17 |    39 ||    88
Block: Tower shield      |    94 |   230 |   262 ||   586
